 Dungeon Crawl Stone Soup version 0.28-a0-1002-gf00fe891ef (webtiles) character file.

Game seed: 3558825642804390626

141 Gwenloh the Cutter (level 5, -2/37 HPs)
             Began as an Octopode Cinder Acolyte on Dec 6, 2021.
             Was a High Priest of Ignis.
             Slain by an orc wizard (4 damage)
             ... on level 3 of the Dungeon.
             The game lasted 00:06:11 (2944 turns).

Gwenloh the Cutter (Octopode Cinder Acolyte)        Turns: 2944, Time: 00:06:11

Health: -2/37      AC:  1    Str: 14 (16) XL:     5   Next: 24%
Magic:  6/6        EV: 12    Int: 14 (16) God:    Ignis [*****.]
Gold:   81         SH:  0    Dex:  7 (9)  Spells: 6/6 levels left

rFire   + . .      SeeInvis .   a - -1 short sword (flame)
rCold   . . .      Faith    .   (no shield)
rNeg    . . .      Spirit   .   (helmet restricted)
rPois   .          Reflect  .   (no amulet)
rElec   .          Harm     .   (no ring)
rCorr   .          Rampage  .   (no ring)
Will    .....      Rnd*Tele +   (no ring)
Stlth   ++........              (no ring)
HPRegen 0.12/turn               (no ring)
MPRegen 0.10/turn               (no ring)
                                (no ring)
                                (no ring)

@: confused
A: almost no armour, amphibious, 8 rings, camouflage 1, gelatinous body 1,
(nimble swimmer 1), tentacles, tentacle spike 1, sense surroundings 1, strong 1,
teleportitis 1
a: Renounce Religion, Fiery Armour, Foxfire Swarm, Rising Flame


You were on level 3 of the Dungeon.
You worshipped Ignis.
Ignis was extremely pleased with you.
You visited 1 branch of the dungeon, and saw 3 of its levels.

You collected 81 gold pieces.

Inventory:

Hand Weapons
 a - a -1 short sword of flaming (weapon)
 e - a +0 hunting sling
Missiles
 i - 6 poisoned darts (quivered)
 j - 44 stones
Jewellery
 k - a ring of ice
Scrolls
 b - a scroll of teleportation {unknown}
 d - a scroll of enchant armour {unknown}
 f - a scroll of fear {unknown}
 l - a scroll of blinking {unknown}
 m - a scroll of brand weapon {unknown}
 n - a scroll of acquirement {unknown}
 o - a scroll of vulnerability {unknown}
 q - a scroll of identify {unknown}
 r - a scroll of torment {unknown}
Potions
 c - a potion of degeneration
 g - a potion of mutation
 p - a potion of might {unknown}


   Skills:
 + Level 4.1 Fighting
 + Level 4.1 Short Blades
 + Level 3.8 Stealth
 - Level 1.0 Spellcasting
 - Level 3.0 Fire Magic


You had 6 spell levels left.
You didn't know any spells.
Your spell library contained the following spells:

 Spells                   Type           Power      Damage    Failure   Level
 Scorch                   Fire           18%        2d5       12%         2


Dungeon Overview and Level Annotations

Branches:
Dungeon (3/15)

Altars:


Innate Abilities, Weirdness & Mutations

You cannot wear most types of armour.
You are amphibious.
You can wear up to eight rings at the same time.
Your skin changes colour to match your surroundings (Stealth+).
Your rubbery body absorbs attacks. (AC +1, EV +1)
((You are camouflaged near water. (Stealth+)))
You have tentacles for arms and can constrict up to eight enemies at once.
One of your tentacles bears a spike.
You passively map a small area around you.
Your muscles are strong. (Str +2)
You are occasionally teleported next to monsters.


Message History

You are confused.
You closely miss something. Something hits you.
You miss something.
Your tentacle spike misses something.
You squeeze something. Something hits you.
A worm comes into view.
You hear some strange, mumbled words.
You are more confused.
An orc wizard comes into view. It is wielding a +0 dagger.
The orc wizard shouts!
Something hits you but does no damage.
You hear some strange, mumbled words.
Something tries to affect you, but you resist.
You bump into the rock wall.
The orc hits you with a +0 falchion!
You bump into the rock wall.
The orc hits you with a +0 falchion!
You bump into the rock wall.
You hit the orc. You burn the orc.
You kill the orc!
You feel less confused. Something hits you.
* * * LOW HITPOINT WARNING * * *
You see here a +0 falchion.
You hit something. You burn something.
Your tentacle spike misses something.
Something hits you.
* * * LOW HITPOINT WARNING * * *
You barely miss something. Something hits you.
* * * LOW HITPOINT WARNING * * *
You miss something.
You hear some strange, mumbled words.
You are confused.
You miss something.
Your tentacle spike misses something.
Your squeeze misses something.
You hear some strange, mumbled words.
A puff of flame appears from out of thin air!
The puff of flame hits you. You resist.
* * * LOW HITPOINT WARNING * * *
Unknown command.
You bump into the rock wall.
Something hits you.
* * * LOW HITPOINT WARNING * * *
You miss something.
Your tentacle spike misses something.
Something hits you.
You die...

###.## , .....## *
#..... #.. .* ##* *
#.#.# ,
....###o#.####. #,
#.....)..$...
#.#######.#.#####
###.....@{wo#.#
.........####.## * *
.....###.# #... ,
.........# #..#*
#.###.##..# #..# * *
.....##..###..######.
,
#.###.................
#.........###...#####.
.........###........


You could see a worm and an orc wizard.

Vanquished Creatures
  2 orc wizards (D:3)
  3 adders
  2 worms (D:3)
  8 orcs
  6 ball pythons
  6 endoplasms
  A giant cockroach (D:2)
  3 goblins (D:1)
  4 hobgoblins
  3 jackals (D:1)
  A kobold (D:2)
  2 quokkas
  3 bats
  2 frilled lizards (D:1)
  5 rats
51 creatures vanquished.

Vanquished Creatures (others)
  4 plants (D:1)
4 creatures vanquished.

Grand Total: 55 creatures vanquished

Notes
Turn   | Place    | Note
-------+----------+-------------------------------------------
     0 | D:1      | Gwenloh the Octopode Cinder Acolyte began the quest for the
                  | Orb.
     0 | D:1      | Reached XP level 1. HP: 16/16 MP: 2/2
    91 | D:1      | Reached skill level 1 in Stealth
   214 | D:1      | Reached XP level 2. HP: 17/21 MP: 3/3
   261 | D:1      | Found a faded altar of an unknown god.
  1257 | D:2      | Reached XP level 3. HP: 25/26 MP: 4/4
  2501 | D:3      | Reached XP level 4. HP: 32/32 MP: 5/5
  2685 | D:3      | Gained mutation: You passively map a small area around you.
                  | [potion of mutation]
  2685 | D:3      | Gained mutation: One of your tentacles bears a spike.
                  | [potion of mutation]
  2685 | D:3      | Gained mutation: You are occasionally teleported next to
                  | monsters. [potion of mutation]
  2685 | D:3      | Gained mutation: Your muscles are strong. (Str +2) [potion
                  | of mutation]
  2685 | D:3      | HP: 1/33 [something/puff of flame (5)]
  2838 | D:3      | Reached XP level 5. HP: 29/37 MP: 6/6
  2944 | D:3      | Slain by an orc wizard

Illustrated notes

Levels and vault maps discovered:
D:1:      roderic_crop_circles_arrival_small, layout_loops_ring,
          shapermc_ecumenical_altar_gd
D:2:      layout_basic
D:3:      layout_loops_corners, lemuel_blue_sif_altar

Skill      XL: |  1  2  3  4 |
---------------+-------------+-----
Stealth        | 1 2 3 |  3.8
Fighting       | 4 |  4.1
Short Blades   | 4 |  4.1
Spellcasting   | |  1.0
Fire Magic     | |  3.0

Action                   |  1- 3 |  4- 6 || total
-------------------------+-------+-------++-------
Melee: Short sword       |   102 |    36 ||   138
       Constrict         |    18 |    10 ||    28
       Tentacles         |    11 |     7 ||    18
       Kick              |       |     1 ||     1
Throw: Dart              |     5 |     1 ||     6
  Use: Potion            |       |     4 ||     4
 Stab: Sleeping          |     9 |     1 ||    10
Armor: Skin              |     5 |     6 ||    11
Dodge: Dodged            |    56 |    10 ||    66

Table legend: (Time is in decaauts)
 A = Elapsed time spent in this place.
 B = Non-inter-level travel time spent in this place.
 C = Inter-level travel time spent in this place.
 D = Time resting spent in this place.
 E = Time spent auto-exploring this place.
 F = Levels seen in this place.
 G = Mean time per level.
                   A        B        C        D        E       F      G
               +--------+--------+--------+--------+--------+-----+--------+
         Total |   2935 |   2808 |    127 |    233 |   2138 |   3 |  978.3 |
       Dungeon |   2935 |   2808 |    127 |    233 |   2138 |   3 |  978.3 |
               +--------+--------+--------+--------+--------+-----+--------+

Top non-repeatable levels by time:
     D:1: 1245 daAuts
     D:2: 1055 daAuts
     D:3: 634 daAuts
